 Dungeon Crawl Stone Soup version 0.18-a0-1805-g8ab820f (webtiles) character file.

146 M4edhros the Poker (level 5, 0/41 HPs)
             Began as a Mummy Chaos Knight on Apr 26, 2016.
             Killed from afar by Sigmund (1 damage)
             ... with a magic dart
             ... on level 3 of the Dungeon.
             The game lasted 00:02:50 (1679 turns).

M4edhros the Poker (Mummy Chaos Knight)             Turns: 1679, Time: 00:02:51

Health: 0/41       AC:  4    Str: 16    XL:     5   Next: 7%
Magic:  5/5        EV: 10    Int: 11    God:    Xom [.*....]
Gold:   116        SH:  0    Dex: 12    Spells: 0 memorised, 4 levels left

rFire  x . .     SeeInvis .     a - +0 spear (chaos)
rCold  + + .     Gourm    .     c - -1 ring mail (curse)
rNeg   + + +     Faith    .     (no shield)
rPois  ∞         Spirit   .     (no helmet)
rElec  .         Dismiss  .     (no cloak)
rCorr  .         Reflect  .     (no gloves)
SustAt +         Harm     .     (no boots)
MR     .....                    (no amulet)
Stlth  +.........               g - ring of sustain attributes
                                d - ring of protection from cold

@: about to teleport, not resistant to hostile enchantments, very unstealthy
A: no food or potions, fire vulnerability, cold resistance 1, negative energy
resistance 3, torment resistance, unbreathing
a: Renounce Religion


You were on level 3 of the Dungeon.
You worshipped Xom.
You were a plaything of Xom.
You were not hungry.

You visited 1 branch of the dungeon, and saw 3 of its levels.

You collected 116 gold pieces.

Inventory:

Hand Weapons
 a - a +0 spear of chaos (weapon)
Armour
 b - a +2 leather armour
 c - a cursed -1 ring mail (worn)
Jewellery
 d - a ring of protection from cold (left hand)
 g - a ring of sustain attributes (right hand)
Scrolls
 h - 4 scrolls of remove curse
 i - 2 scrolls of enchant armour {unknown}
 j - a scroll of noise {unknown}
 k - a scroll of enchant weapon {unknown}


   Skills:
 - Level 3.0 Fighting
 + Level 4.8 Polearms
 - Level 1.5 Armour
 - Level 0.7 Dodging


You had 4 spell levels left.
You didn't know any spells.

Dungeon Overview and Level Annotations

Branches:
Dungeon (3/15)

Altars:

Annotations:
D:3 Sigmund


Innate Abilities, Weirdness & Mutations

You do not eat or drink.
Your flesh is vulnerable to fire.
You are immune to poison.
Your flesh is cold resistant.
You are immune to negative energy.
You are immune to unholy pain and torment.
You can survive without breathing.


Message History

Press: ? - help, Dir - move target cursor You reach to attack!
You closely miss something. Something hits you.
* * * LOW HITPOINT WARNING * * *
A puff of flame appears from out of thin air!
The puff of flame hits your bat zombie.
Your bat zombie is destroyed!
You can't drink.
Read which item? (? for menu, Esc to quit)
As you read the scroll labeled TYBINL REHOIL, it crumbles to dust.
It is a scroll of recharging.
You aren't carrying any rechargeable items.
Read which item? (? for menu, Esc to quit)
As you read the scroll labeled QUNIAFF MOCARO, it crumbles to dust.
You feel strangely unstable.
It was a scroll of teleportation.
Something hits you.
* * * LOW HITPOINT WARNING * * *
A magic dart appears from out of thin air!
The magic dart hits you!
You die... "I guess I need a new plaything now."

#.## ##........
##.## ##.#####.#.
#..###.## #.##
#.#.#Z## #.#
###.#.Z## #.##
#...#.#########..#
#.###............#
#.# ############.#
.# #@# #.. .# #.#
#.# .# #.# #.. .#
#.# ##. .# #.# #.
.# #.# #. .# #.#
#. .## #.# #. ..#
##########.## #.


There were no monsters in sight!

Vanquished Creatures
  A gnoll (D:1)
  2 adders (D:3)
  4 oozes (D:1)
  2 worms
  3 dart slugs
  3 giant geckos
  3 orcs (D:3)
  2 ball pythons
  6 giant cockroaches
  3 goblins (D:1)
  7 hobgoblins
  2 jackals (D:1)
  8 bats
  A giant newt (D:1)
  8 kobolds
  10 rats
65 creatures vanquished.

Vanquished Creatures (collateral kills)
  An orc priest (D:3)
  A giant gecko (D:3)
  An orc (D:3)
  A hobgoblin (D:3)
4 creatures vanquished.

Grand Total: 69 creatures vanquished

Notes
Turn   | Place    | Note
--------------------------------------------------------------
     0 | D:1      | M4edhros the Mummy Chaos Knight began the quest for the Orb.
     0 | D:1      | Reached XP level 1. HP: 18/18 MP: 1/1
     1 | D:1      | Found a runed door.
    34 | D:1      | XOM: potion effect (might)
    43 | D:1      | Reached XP level 2. HP: 19/24 MP: 2/2
    44 | D:1      | Reached skill level 3 in Polearms
    75 | D:1      | Reached XP level 3. HP: 25/29 MP: 3/3
   117 | D:1      | XOM: harmless Air miscast
   284 | D:1      | Reached skill level 4 in Polearms
   477 | D:1      | Reached XP level 4. HP: 35/35 MP: 4/4
  1318 | D:3      | XOM: harmless Erth miscast
  1436 | D:3      | XOM: noise
  1441 | D:3      | XOM: chaos upgrade
  1460 | D:3      | XOM: enchant monster (good)
  1461 | D:3      | XOM: cast spell 'Summon Dragon'
  1470 | D:3      | Reached XP level 5. HP: 29/41 MP: 5/5
  1646 | D:3      | Noticed Sigmund
  1668 | D:3      | HP: 2/41 [something (4)]
  1677 | D:3      | HP: 1/41 [something (2)]
  1679 | D:3      | Killed from afar by Sigmund

Vault maps used:
D:1:      dpeg_arrival_caged_fury
D:2:      minmay_misc_feat_square, minmay_tree_intersection
D:3:      uniq_sigmund

Skill      XL: |  1  2  3 |
---------------+----------+-----
Polearms       | 3 4 |  4.8
Fighting       | |  3.0
Armour         | |  1.5
Dodging        | |  0.7

Action                   |  1- 3 |  4- 6 || total
-------------------------+-------+-------++-------
Melee: Spear             |    92 |   119 ||   211
  Use: Scroll            |     1 |     3 ||     4
 Stab: Petrifying        |       |     1 ||     1
       Paralysed         |       |     1 ||     1
Armor: Ring mail         |    25 |    27 ||    52
Dodge: Dodged            |    35 |    40 ||    75
